 Dungeon Crawl Stone Soup version 0.29.0-4-gdea44cf6ec (webtiles) character file.

Game seed: 17700834040552580347

24 qw the Chopper (level 3, 0/21 HPs)
             Began as a Tengu Warper on Aug 28, 2022.
             Succumbed to their own poison gas
             ... on level 1 of the Dungeon.
             The game lasted 00:00:04 (763 turns).

qw the Chopper (Tengu Warper)                        Turns: 763, Time: 00:00:05

Health: 0/21       AC:  3    Str: 13    XL:     3   Next: 2%
Magic:  7/7        EV: 12    Int: 13    God:
Gold:   40         SH:  0    Dex: 13    Spells: 6/6 levels left

rFire   . . .      SeeInvis .   Y - +0 hand axe
rCold   . . .      Faith    .   (no shield)
rNeg    . . .      Spirit   .   b - +0 leather armour
rPois   .          Reflect  .   (helmet restricted)
rElec   .          Harm     .   (no cloak)
rCorr   .          Rampage  .   (no gloves)
Will    .....                   (boots unavailable)
Stlth   +.........              (no amulet)
HPRegen 0.07/turn               (no ring)
MPRegen 0.10/turn               (no ring)

@: lethally poisoned (0 -> -5)
A: beak, talons 3
a: no special abilities


You were on level 1 of the Dungeon.
You visited 1 branch of the dungeon, and saw 1 of its levels.

You collected 40 gold pieces.


Innate Abilities, Weirdness & Mutations

You have a beak for a mouth.
You have claws for feet.


   Skills:
 - Level 2.0 Fighting
 + Level 3.7 Axes
 - Level 1.0 Throwing
 - Level 1.1 Armour
 - Level 2.1 Dodging
 - Level 2.0 Spellcasting
 - Level 2.4 Translocations


You had 6 spell levels left.
You didn't know any spells.
Your spell library contained the following spells:

 Spells                   Type           Power      Damage    Failure   Level
 Blink                    Tloc           14%        N/A       19%         2
 Gell's Gravitas          Tloc           7%         N/A       36%         3
 Lesser Beckoning         Tloc           7%         N/A       36%         3
 Teleport Other           Tloc           7%         N/A       36%         3
 Manifold Assault         Tloc           7%         N/A       98%         5

Inventory:

Hand Weapons
 Y - a +0 hand axe (weapon)
Armour
 b - a +0 leather armour (worn)
Potions
 h - a potion of mutation {unknown}
 i - a potion of cancellation {unknown}
 j - a potion of experience {unknown}

Dungeon Overview and Level Annotations

Branches:
Dungeon (1/15)

Altars:


Message History

As you read the scroll labelled AREWAEGUNE, it crumbles to dust.
It was a scroll of poison.
Done exploring.
754 ||| READING scroll labelled PIDIYSO YFI.
As you read the scroll labelled PIDIYSO YFI, it crumbles to dust.
You hear a loud clanging noise!
It was a scroll of noise.
You hear a bark!
Done exploring.
755 ||| READING scroll labelled YJAINO BIUDOPOVO.
As you read the scroll labelled YJAINO BIUDOPOVO, it crumbles to dust.
The air around you briefly surges with heat, but it dissipates.
It was a scroll of immolation.
Done exploring.
756 ||| DROPPING scroll of blinking.
You drop a scroll of blinking.
Done exploring.
(D) Dungeon
Where to? (* - list waypoints, ? - help)
What level of the Dungeon? (default 1, ? - help) Sorry, I don't know how to get there.
Done exploring.
757 ||| Stepping randomly (stuck).
Really walk into that cloud of poison gas?
You are engulfed in poison gas.
You are lethally poisoned!
You feel very sick.
758 ||| Stepping ~*~*~tactically~*~*~ (cloud).
You feel very sick.
Things that are here:
a scroll of blinking; a ring of wizardry
There is a lethal amount of poison in your body!
You feel very sick.
There is a lethal amount of poison in your body!
You feel sick.
There is a lethal amount of poison in your body!
You feel sick.
There is a lethal amount of poison in your body!
You feel sick.
There is a lethal amount of poison in your body!
You die...

#....##.#.....##..
#.##.##.#......#.#
#.##%##.#......#..
#.......#......#..
####.######.......
#.# ####.##.
#.#########.##.
####0¤¤00......##.
#@¤0¤¤0¤¤.####)##.
#¤##.##...#......(
#¤##.........#.###
#0##.##...........
#¤##...........###
#¤0.....#......#~#
##########.....###
#####.... #####


There were no monsters in sight!

Vanquished Creatures
  2 ball pythons (D:1)
  2 endoplasms (D:1)
  A giant cockroach (D:1)
  A goblin (D:1)
  3 hobgoblins (D:1)
  6 jackals (D:1)
  A bat (D:1)
  2 kobolds (D:1)
  A rat (D:1)
19 creatures vanquished.

Notes
Turn   | Place    | Note
-------+----------+-------------------------------------------
     0 | D:1      | qw the Tengu Warper began the quest for the Orb.
     0 | D:1      | Reached XP level 1. HP: 12/12 MP: 4/4
     0 | D:1      | 0 ||| qw: Version: 0.1-a-89-g26bdef1
     0 | D:1      | 0 ||| qw: Game counter: 516
     0 | D:1      | 0 ||| qw: Always use a shield: true
     0 | D:1      | 0 ||| qw: God list: Okawaru
     0 | D:1      | 0 ||| qw: Allow faded altars: false
     0 | D:1      | 0 ||| qw: Do Orc after D:15 true
     0 | D:1      | 0 ||| qw: Do second Lair branch before Depths: true
     0 | D:1      | 0 ||| qw: Lair rune preference: random
     0 | D:1      | 0 ||| qw: Plans: Normal
     0 | D:1      | 0 ||| PLANNING D:1-11
    20 | D:1      | 20 ||| Stepping ~*~*~tactically~*~*~ (stealth).
    22 | D:1      | 22 ||| Stepping ~*~*~tactically~*~*~ (stealth).
   170 | D:1      | 170 ||| Stepping ~*~*~tactically~*~*~ (stealth).
   203 | D:1      | Reached XP level 2. HP: 17/17 MP: 6/6
   211 | D:1      | Reached skill level 3 in Axes
   214 | D:1      | 214 ||| Stepping ~*~*~tactically~*~*~ (stealth).
   215 | D:1      | 215 ||| Stepping ~*~*~tactically~*~*~ (stealth).
   298 | D:1      | 298 ||| Stepping ~*~*~tactically~*~*~ (stealth).
   301 | D:1      | 301 ||| Stepping ~*~*~tactically~*~*~ (stealth).
   360 | D:1      | 360 ||| Stepping ~*~*~tactically~*~*~ (stealth).
   361 | D:1      | 361 ||| Stepping ~*~*~tactically~*~*~ (stealth).
   362 | D:1      | 362 ||| Stepping ~*~*~tactically~*~*~ (stealth).
   363 | D:1      | 363 ||| Stepping ~*~*~tactically~*~*~ (stealth).
   365 | D:1      | 365 ||| Stepping ~*~*~tactically~*~*~ (stealth).
   366 | D:1      | 366 ||| Stepping ~*~*~tactically~*~*~ (stealth).
   367 | D:1      | 367 ||| Stepping ~*~*~tactically~*~*~ (stealth).
   561 | D:1      | Reached XP level 3. HP: 15/21 MP: 7/7
   752 | D:1      | 752 ||| DROPPING ring of wizardry.
   753 | D:1      | 753 ||| READING scroll labelled AREWAEGUNE.
   754 | D:1      | 754 ||| READING scroll labelled PIDIYSO YFI.
   755 | D:1      | 755 ||| READING scroll labelled YJAINO BIUDOPOVO.
   756 | D:1      | 756 ||| DROPPING scroll of blinking.
   757 | D:1      | 757 ||| Stepping randomly (stuck).
   758 | D:1      | 758 ||| Stepping ~*~*~tactically~*~*~ (cloud).
   760 | D:1      | HP: 4/21 [poisoned by you (poison gas)]
   762 | D:1      | HP: 1/21 [poisoned by you (poison gas)]
   763 | D:1      | Succumbed to their own poison gas

Levels and vault maps discovered:
D:1:      amcnicky_arrival_double_pillar, layout_loops_cross, feat_on_display

Skill      XL: |  1  2 |
---------------+-------+-----
Axes           | 3 |  3.7
Fighting       | |  2.0
Throwing       | |  1.0
Armour         | |  1.1
Dodging        | |  2.1
Spellcasting   | |  2.0
Translocations | |  2.4

Action                   || total
-------------------------++-------
Melee: Hand axe          ||    46
       Peck              ||     4
       Kick              ||    11
Throw: Boomerang         ||     7
  Use: Scroll            ||     3
Armor: Leather armour    ||    13
Dodge: Dodged            ||    27

Table legend:
 A = Non-vault XP
 B = Vault XP
 C = Vault XP percentage of total XP
 D = Non-vault monster count
 E = Vault monster count
 F = Vault count percentage of total count
                 A         B        C        D         E       F
            +---------+---------+-------+---------+---------+-------
      Total |      35 |       0 |   0.0 |      19 |       0 |   0.0
            +---------+---------+-------+---------+---------+-------
        D:1 |      35 |       0 |   0.0 |      19 |       0 |   0.0
            +---------+---------+-------+---------+---------+-------
